 Dungeon Crawl Stone Soup version 0.29.1 (webtiles) character file.

Game seed: 1328732671381088053

114 sleeves the Sneak (level 4, -3/36 HPs)
             Began as a Ghoul Brigand on Sept 12, 2022.
             Killed from afar by an orc wizard (7 damage)
             ... with a magic dart
             ... on level 3 of the Dungeon.
             The game lasted 00:05:21 (3273 turns).

sleeves the Sneak (Ghoul Brigand)                   Turns: 3273, Time: 00:05:21

Health: -3/36      AC:  6    Str: 14      XL:     4   Next: 98%
Magic:  3/3        EV:  9    Int: 11 (14) God:
Gold:   183        SH:  3    Dex: 10      Spells: 3/3 levels left

rFire   . . .      SeeInvis .   b - +1 dagger (drain)
rCold   + . .      Faith    .   s - +0 buckler
rNeg    + + +      Spirit   .   A - +0 ring mail
rPois   ∞          Reflect  .   (no helmet)
rElec   .          Harm     .   c - +0 cloak
rCorr   .          Rampage  .   (no gloves)
Will    .....                   (no boots)
Stlth   ++........              (no amulet)
HPRegen 0.00/turn               i - +6 ring of intelligence
MPRegen 0.08/turn               (no ring)

@: inhibited regen
A: claws 1, cold resistance 1, negative energy resistance 3, inhibited
regeneration, torment resistance 2, devour on kill
a: no special abilities


You were on level 3 of the Dungeon.
You visited 1 branch of the dungeon, and saw 4 of its levels.

You collected 183 gold pieces.

Inventory:

Hand Weapons
 a - a +2 dagger
 b - a +1 dagger of draining (weapon)
   (You took it off an orc on level 3 of the Dungeon)
Missiles
 d - 13 poisoned darts (quivered)
 e - 3 curare-tipped darts
Armour
 c - a +0 cloak (worn)
 s - a +0 buckler (worn)
   (You found it on level 3 of the Dungeon)
 A - a +0 ring mail (worn)
   (You took it off an orc on level 3 of the Dungeon)
Jewellery
 i - a +6 ring of intelligence (left claw)
   (You found it on level 1 of the Dungeon)
Wands
 r - a wand of charming (2)
   (You found it on level 3 of the Dungeon)
Scrolls
 f - 3 scrolls of poison {unknown}
 j - a scroll of brand weapon {unknown}
 k - 2 scrolls of fog {unknown}
 l - a scroll of fear {unknown}
 n - 3 scrolls of magic mapping {unknown}
 q - a scroll of teleportation {unknown}
 t - a scroll of amnesia {unknown}
 u - a scroll of vulnerability {unknown}
 y - a scroll of identify {unknown}
Potions
 g - a potion of might {unknown}
 h - a potion of attraction {unknown}
 m - 2 potions of mutation
 o - a potion of invisibility {unknown}
 p - 2 potions of berserk rage {unknown}
 v - a potion of resistance {unknown}
 w - a potion of curing {unknown}
 x - a potion of ambrosia {unknown}
 z - a potion of brilliance {unknown}


   Skills:
 - Level 2.1 Fighting
 - Level 1.7 Short Blades
 - Level 1.7 Throwing
 - Level 0.8 Dodging
 - Level 5.4 Stealth
 + Level 3.8 Unarmed Combat


You had 3 spell levels left.
You didn't know any spells.
Your spell library contained the following spells:

 Spells                   Type           Power      Damage    Failure   Level
 Call Canine Familiar     Summ           0%         N/A       97%         3
 Portal Projectile        Hex/Tloc       0%         N/A       97%         3
 Tukima's Dance           Hex            0%         N/A       97%         3
 Leda's Liquefaction      Hex/Erth       0%         N/A       100%        4
 Blade Hands              Tmut           Unusable   N/A       N/A         5

Dungeon Overview and Level Annotations

Branches:
Dungeon (4/15)
 Temple: D:4-7

Altars:

Shops:
D:1 ?   D:2 :


Innate Abilities, Weirdness & Mutations

You are immune to poison.
You have sharp fingernails.
Your flesh is cold resistant. (rC+)
You are immune to negative energy. (rN+++)
You do not regenerate when monsters are visible.
You are immune to unholy pain and torment.
You thrive by killing the living.


Message History

The worm is lightly wounded.
You hit the worm.
The worm is moderately wounded.
The worm completely misses you.
You barely miss the worm.
The worm is moderately wounded.
The worm bites you.
You are too injured to fight recklessly!
You are too injured to fight recklessly!
You are too injured to fight recklessly!
You are too injured to fight recklessly!
You are too injured to fight recklessly!
You are too injured to fight recklessly!
You are too injured to fight recklessly!
You are too injured to fight recklessly!
You are too injured to fight recklessly!
You are too injured to fight recklessly!
You are too injured to fight recklessly!
You are too injured to fight recklessly!
You are too injured to fight recklessly!
You are too injured to fight recklessly!
You are too injured to fight recklessly!
You are too injured to fight recklessly!
You are too injured to fight recklessly!
You are too injured to fight recklessly!
Okay, then.
A quokka comes into view.
A quokka is nearby!
A quokka is nearby!
No target in view!
No target in view!
No target in view!
No target in view!
No target in view!
No target in view!
A quokka is nearby!
No target in view!
No target in view!
No target in view!
No target in view!
No target in view!
No target in view!
No target in view!
You open the door.
Found Neula's Book Emporium.
No target in view!
No target in view!
No target in view!
No target in view!
No target in view!
There is an open door here.
There is an entrance to Neula's Book Emporium here.
You can access your shopping list by pressing '$'.
Unknown command.
Unknown command.
Unknown command.
Unknown command.
There is an open door here.
An adder comes into view.
Found a stone staircase leading down.
An adder is nearby!
An adder is nearby!
An adder is nearby!
Found 12 gold pieces.
You see here a scroll labelled XOOFEO QAM GEM.
Found a stone staircase leading up.
The helpless adder fails to defend itself.
You impale the adder!!
You kill the adder!
Your Unarmed Combat skill increases to level 2!
You have reached level 3!
Your experience leads to an increase in your attributes!
Increase (S)trength, (I)ntelligence, or (D)exterity?
You feel clever. x2
Found a stone staircase leading up.
There is a stone staircase leading down here.
You now have 53 gold pieces (gained 12).
l - a scroll labelled XOOFEO QAM GEM
m - 2 viscous pink potions A rat comes into view.
The helpless rat fails to defend itself.
You impale the rat!!
You kill the rat!
A hobgoblin comes into view.
Found 6 stones.
A hobgoblin is nearby!
A hobgoblin is nearby!
The hobgoblin shouts!
The hobgoblin hits you.
You barely miss the hobgoblin.
The hobgoblin hits you but does no damage.
A hobgoblin is nearby!
A hobgoblin is nearby!
You hit the hobgoblin but do no damage. The hobgoblin misses you.
You hit the hobgoblin.
The hobgoblin is heavily wounded.
The hobgoblin hits you.
You barely miss the hobgoblin.
The hobgoblin is heavily wounded.
You hit the hobgoblin. Your claw misses the hobgoblin.
The hobgoblin is almost dead.
The hobgoblin closely misses you.
You hit the hobgoblin.
You kill the hobgoblin!
You feel better.
No target in view!
No target in view!
No target in view!
No target in view!
No target in view!
No target in view!
No target in view!
No target in view!
No target in view!
There is a stone staircase leading up here.
There is a stone staircase leading up here.
You now have 58 gold pieces (gained 5).
You see here a +0 dagger.
Key pressed, stopping explore.
n - 3 scrolls labelled SIPTE JEESUHE A kobold comes into view.
It is wielding a +0 short sword.
The helpless kobold fails to defend itself.
You puncture the kobold!
You kill the kobold!
No target in view!
Things that are here:
a +0 short sword; 5 stones
k - 2 scrolls labelled SILITI DECEC (gained 1) Key pressed, stopping explore.
o - a murky amethyst potion
Found a scale mail.
You see here a +0 scale mail.
A giant cockroach comes into view.
A giant cockroach is nearby!
You closely miss the giant cockroach.
The giant cockroach bites you but does no damage.
You hit the giant cockroach.
You kill the giant cockroach!
No target in view!
No target in view!
No target in view!
No target in view!
No target in view!
No target in view!
No target in view!
No target in view!
A rat comes into view.
A rat is nearby!
A rat is nearby!
The helpless rat fails to defend itself.
You impale the rat!!
You kill the rat!
No target in view!
A goblin comes into view. It is wielding a +0 club.
A goblin is nearby!
A goblin is nearby!
Found a book of Weapons.
Found a ruby potion.
The goblin shouts!
You closely miss the goblin. The goblin hits you but does no damage.
You barely miss the goblin. The goblin misses you.
You hit the goblin.
You kill the goblin!
You hit the worm.
The worm is moderately wounded.
You hit the worm.
The worm is heavily wounded.
The worm misses you.
You hit the worm.
The worm is heavily wounded.
You hit the worm.
The worm is heavily wounded.
The worm barely misses you.
You barely miss the worm.
The worm is heavily wounded.
The quokka twitches its whiskers.
You hit the worm.
The worm is severely wounded.
The worm closely misses you.
You hit the worm.
The worm is almost dead.
You hit the worm but do no damage.
The worm is almost dead.
The worm bites you but does no damage.
You barely miss the worm.
The worm is severely wounded.
You hit the worm.
You kill the worm!
You hit the quokka.
The quokka is heavily wounded.
The quokka closely misses you.
You closely miss the quokka.
The quokka is heavily wounded.
The quokka bites you but does no damage.
You hit the quokka but do no damage.
The quokka is heavily wounded.
The quokka closely misses you.
You hit the quokka but do no damage.
The quokka is heavily wounded.
The quokka bites you but does no damage.
You hit the quokka.
The quokka is almost dead.
The quokka closely misses you.
You hit the quokka but do no damage.
The quokka is almost dead.
The quokka bites you but does no damage.
You closely miss the quokka.
The quokka is almost dead.
The quokka closely misses you.
You hit the quokka but do no damage.
The quokka is almost dead.
The quokka closely misses you.
You hit the quokka.
You kill the quokka!
No target in view!
No target in view!
p - a ruby potion You pick up a book of Weapons and begin reading...
You add the spell Tukima's Dance to your library.
A frilled lizard comes into view.
Found 14 gold pieces.
A frilled lizard is nearby!
A frilled lizard is nearby!
The helpless frilled lizard fails to defend itself.
You impale the frilled lizard!!
You kill the frilled lizard!
You see here a frilled lizard corpse.
You now have 72 gold pieces (gained 14).
You now have enough gold to buy a scroll of enchant weapon on D:1, or buy a scroll of magic mapping on D:1.
You can access your shopping list by pressing '$'.
You now have 84 gold pieces (gained 12).
Done exploring.
Done exploring.
Done exploring.
Done exploring.
Done exploring.
(D) Dungeon
Where to? (Enter - D:2, ? - help)
Things that are here:
a +0 short sword; 5 stones You see here a +0 dagger.
There is a stone staircase leading down here.
You climb downwards.
There is a stone staircase leading up here.
A bat is nearby!
The helpless bat fails to defend itself.
You impale the bat!!
You kill the bat!
q - a scroll labelled CUUSEM BUI
Found a stone staircase leading down.
Found 6 stones.
You open the door.
There is an open door here.
Found 4 stones.
You see here 4 stones.
Found a barding.
An adder comes into view.
You see here a +0 barding.
The adder hisses angrily.
You barely miss the adder. The adder bites you but does no damage.
You miss the adder. Your claw misses the adder. The adder bites you.
You hit the adder.
The adder is lightly wounded.
The adder closely misses you.
You hit the adder but do no damage.
The adder is lightly wounded.
The adder bites you but does no damage.
You hit the adder.
The adder is heavily wounded.
The adder completely misses you.
You barely miss the adder.
The adder is heavily wounded.
The adder bites you but does no damage. The adder bites you.
You hit the adder but do no damage.
The adder is heavily wounded.
The adder barely misses you.
You hit the adder.
The adder is almost dead.
The adder misses you.
You closely miss the adder.
The adder is almost dead.
The adder misses you.
You hit the adder.
The adder is almost dead.
The adder bites you.
You hit the adder.
You kill the adder!
You feel better.
No target in view!
No target in view!
No target in view!
No target in view!
HP restored.
You see here an adder corpse.
A frilled lizard comes into view.
Found a runed bronze wand.
A frilled lizard is nearby!
A frilled lizard is nearby!
A frilled lizard is nearby!
The helpless frilled lizard fails to defend itself.
You impale the frilled lizard!!
You kill the frilled lizard!
No target in view!
You see here a frilled lizard corpse.
r - a wand of charming (3)
Found a long sword.
Found a buckler.
You see here a +0 long sword.
A dart slug comes into view.
A dart slug is nearby!
You see here a +0 buckler.
s - a +0 buckler The helpless dart slug fails to defend itself.
You impale the dart slug!!
You kill the dart slug!
You have reached level 4!
You start putting on your armour.
You continue putting on your +0 buckler. x4
You finish putting on your +0 buckler.
You see here a dart slug corpse.
Found a whip.
t - a scroll labelled WIUMESICOC You now have 95 gold pieces (gained 11).
A frilled lizard comes into view.
The helpless frilled lizard fails to defend itself.
You impale the frilled lizard!!
You kill the frilled lizard!
No target in view!
No target in view!
No target in view!
No target in view!
No target in view!
A bat comes into view.
A bat is nearby!
A giant cockroach comes into view.
Found a scroll labelled WIMATT MUNKE.
Found a murky white potion.
The giant cockroach closely misses you.
You hit the giant cockroach.
The giant cockroach is severely wounded.
The bat barely misses you. The bat closely misses you.
The giant cockroach bites you. You block the giant cockroach's attack.
You hit the giant cockroach.
The giant cockroach is severely wounded.
The bat hits you. The bat hits you but does no damage.
The giant cockroach bites you but does no damage.
You hit the giant cockroach.
You kill the giant cockroach!
The bat hits you but does no damage.
You miss the bat. You block the bat's attack.
You hit the bat.
The bat is heavily wounded.
The bat hits you. The bat hits you but does no damage.
You hit the bat.
You kill the bat!
No target in view!
No target in view!
No target in view!
No target in view!
No target in view!
No target in view!
No target in view!
No target in view!
No target in view!
No target in view!
No target in view!
No target in view!
No target in view!
No target in view!
u - a scroll labelled WIMATT MUNKE A kobold comes into view.
It is wielding a +0 short sword.
Found a stone staircase leading down.
A kobold is nearby!
A kobold is nearby!
Found 6 stones.
Found a trident.
The helpless kobold fails to defend itself.
You impale the kobold!!
You kill the kobold!
No target in view!
No target in view!
No target in view!
A ball python comes into view.
You see here a murky white potion.
A ball python is nearby!
A ball python is nearby!
There is a stone staircase leading down here.
The helpless ball python fails to defend itself.
You impale the ball python!!
You kill the ball python!
No target in view!
No target in view!
No target in view!
No target in view!
No target in view!
No target in view!
v - a murky white potion
w - a brown potion You open the door.
A kobold comes into view. It is wielding a +0 whip.
There is an open door here.
The helpless kobold fails to defend itself.
You impale the kobold!!
You kill the kobold!
No target in view!
No target in view!
You open the door.
A ball python and a hobgoblin come into view.
There are monsters nearby!
There are monsters nearby!
Found a stone staircase leading up.
There is an open door here.
Found a ruby potion.
The helpless hobgoblin fails to defend itself.
You impale the hobgoblin!!
You kill the hobgoblin!
The ball python hisses angrily.
You don't know any spells.
Okay, then.
You hit the ball python.
You kill the ball python!
No target in view!
No target in view!
An endoplasm comes into view.
Found a viscous pink potion.
An endoplasm is nearby!
An endoplasm is nearby!
Found a leather armour.
The helpless endoplasm fails to defend itself.
You impale the endoplasm!!
You kill the endoplasm!
No target in view!
No target in view!
m - 3 viscous pink potions (gained 1)
There is a stone staircase leading up here.
p - 2 ruby potions (gained 1)
You see here a +0 leather armour.
Found a stone staircase leading down.
x - a coppery potion You open the door.
You open the door.
There is an open door here.
z - a white potion No target in view!
You open the door.
There is an open door here.
You now have enough gold to buy a scroll of brand weapon on D:1.
You can access your shopping list by pressing '$'.
You now have 110 gold pieces (gained 15).
A phantom comes into view.
A phantom is nearby!
There is an open door here.
There is an open door here.
There is a stone staircase leading up here.
You climb upwards.
There is a stone staircase leading down here.
There is a stone staircase leading down here.
You climb downwards.
There is a stone staircase leading up here.
There is an open door here.
There is an open door here.
A phantom is nearby!
A phantom is nearby!
There is an open door here.
There is an open door here.
There is a stone staircase leading up here.
You climb upwards.
There is a stone staircase leading down here.
You see here 6 stones.
There is a stone staircase leading down here.
You climb downwards.
There is a stone staircase leading up here.
There is an open door here.
Things that are here:
a stone; a +0 short sword; a kobold skeleton
There is a stone staircase leading down here.
You open the door.
There is an open door here.
You see here a +0 whip.
A worm comes into view.
A worm is nearby!
A worm is nearby!
The helpless worm fails to defend itself.
You puncture the worm!
The worm is almost dead.
The worm barely misses you.
You hit the worm.
The worm is almost dead.
A worm is nearby!
You barely miss the worm.
The worm is almost dead.
The worm bites you.
You hit the worm.
The worm is almost dead.
You hit the worm.
You kill the worm!
No target in view!
No target in view!
HP restored.
y - a scroll labelled GEPULYGUXE You see here a worm corpse.
You open the door.
There is an open door here.
A hobgoblin and a gnoll come into view.
Found 13 gold pieces.
The hobgoblin shouts!
The gnoll shouts!
There is an open door here.
You see here a worm corpse.
Throw: 8 darts (poison)
Press: ? - help, Q - select action, (/) - cycle Shift-Dir - straight line, f - gnoll
Aim: a gnoll, wielding a +0 flail (60% to hit)
You throw a poisoned dart. The poisoned dart hits the gnoll.
The gnoll is poisoned.
Throw: 7 darts (poison)
Press: ? - help, Q - select action, (/) - cycle Shift-Dir - straight line, f/p - gnoll
Aim: a gnoll, wielding a +0 flail (poisoned, 60% to hit)
You throw a poisoned dart. The poisoned dart hits the gnoll.
The gnoll looks even sicker.
You hit the hobgoblin.
The hobgoblin is severely wounded.
The hobgoblin hits you.
You completely miss the hobgoblin.
The hobgoblin is severely wounded.
The hobgoblin hits you.
You barely miss the hobgoblin.
The hobgoblin is severely wounded.
The hobgoblin hits you.
You closely miss the hobgoblin.
The hobgoblin is severely wounded.
The hobgoblin hits you.
You closely miss the hobgoblin.
The hobgoblin is severely wounded.
You block the hobgoblin's attack.
You hit the hobgoblin but do no damage.
The hobgoblin is severely wounded.
The hobgoblin hits you.
You are too injured to fight recklessly!
You are too injured to fight recklessly!
You are too injured to fight recklessly!
You are too injured to fight recklessly!
You are too injured to fight recklessly!
You are too injured to fight recklessly!
You are too injured to fight recklessly!
You are too injured to fight recklessly!
You are too injured to fight recklessly!
You are too injured to fight recklessly!
You are too injured to fight recklessly!
You are too injured to fight recklessly!
You are too injured to fight recklessly!
You are too injured to fight recklessly!
You are too injured to fight recklessly!
You are too injured to fight recklessly!
You are too injured to fight recklessly!
You are too injured to fight recklessly!
You are too injured to fight recklessly!
You are too injured to fight recklessly!
You closely miss the hobgoblin.
The hobgoblin is severely wounded.
You hit the hobgoblin.
The hobgoblin is almost dead.
The hobgoblin hits you but does no damage.
You barely miss the hobgoblin.
The hobgoblin is almost dead.
The hobgoblin closely misses you.
You completely miss the hobgoblin.
The hobgoblin is almost dead.
You block the hobgoblin's attack.
You closely miss the hobgoblin.
The hobgoblin is severely wounded.
The hobgoblin hits you.
You barely miss the hobgoblin.
The hobgoblin is severely wounded.
You kill the gnoll!
The hobgoblin misses you.
Your Unarmed Combat skill increases to level 3!
You closely miss the hobgoblin.
The hobgoblin is severely wounded.
The hobgoblin closely misses you.
You hit the hobgoblin.
You kill the hobgoblin!
You feel better.
You see here a worm corpse.
There is an open door here.
Things that are here:
a +0 flail; a gnoll corpse
d - 7 poisoned darts (gained 1)
d - 8 poisoned darts (gained 1)
f - 3 scrolls labelled ETIEDY TOGI (gained 1)
You now have 125 gold pieces (gained 15).
You now have 138 gold pieces (gained 13).
You open the door.
A kobold and a dart slug come into view.
There are monsters nearby!
There is an open door here.
The helpless kobold fails to defend itself.
You impale the kobold!!
You kill the kobold!
The dart slug launches a dart at you. The slug dart misses you.
You hit the dart slug but do no damage.
The dart slug bites you but does no damage.
You hit the dart slug.
The dart slug is moderately wounded.
You hit the dart slug.
The dart slug is almost dead.
The dart slug bites you but does no damage.
You hit the dart slug.
The dart slug is almost dead.
You block the dart slug's attack.
You hit the dart slug.
You kill the dart slug!
No target in view!
No target in view!
No target in view!
No target in view!
No target in view!
No target in view!
No target in view!
No target in view!
No target in view!
You see here a +0 short sword.
You open the door.
A worm and a kobold come into view.
The kobold is wielding a +0 dagger and quivering poisoned darts.
There is an open door here.
There are monsters nearby!
There are monsters nearby!
The helpless kobold fails to defend itself.
You impale the kobold!!
You kill the kobold!
Things that are here:
a +0 dagger; 5 poisoned darts You hit the worm.
The worm is moderately wounded.
You block the worm's attack.
You hit the worm.
The worm is heavily wounded.
The worm bites you.
You hit the worm.
The worm is severely wounded.
You hit the worm but do no damage.
The worm is severely wounded.
The worm barely misses you.
You hit the worm.
The worm is severely wounded.
You barely miss the worm.
The worm is severely wounded.
The worm barely misses you.
You hit the worm.
The worm is almost dead.
You hit the worm.
You kill the worm!
No target in view!
No target in view!
No target in view!
No target in view!
No target in view!
No target in view!
No target in view!
No target in view!
No target in view!
No target in view!
No target in view!
No target in view!
No target in view!
d - 13 poisoned darts (gained 5)
You see here a +0 dagger.
You open the door.
Found 6 stones.
There is an open door here.
You now have 148 gold pieces (gained 10).
You now have 161 gold pieces (gained 13).
You see here 6 stones.
You now have 172 gold pieces (gained 11).
You see here 6 stones.
There is an open door here.
As you open the door, it creaks loudly!
A worm, a goblin and a quokka come into view.
The goblin shouts!
The goblin moves out of view.
You completely miss the quokka. The quokka bites you.
You hit the quokka.
The quokka is severely wounded.
The quokka bites you.
You hit the quokka but do no damage.
The quokka is severely wounded.
The quokka bites you.
You barely miss the quokka.
The quokka is severely wounded.
The quokka bites you but does no damage.
You hit the quokka.
You kill the quokka!
You hit the goblin.
The goblin is heavily wounded.
The goblin closely misses you.
You hit the goblin.
You kill the goblin!
You hit the worm.
The worm is moderately wounded.
The worm barely misses you.
You hit the worm.
The worm is heavily wounded.
You hit the worm.
The worm is almost dead.
The worm barely misses you.
You barely miss the worm.
The worm is almost dead.
You hit the worm.
The worm is almost dead.
The worm closely misses you.
You barely miss the worm.
The worm is almost dead.
You hit the worm.
You kill the worm!
No target in view!
No target in view!
No target in view!
No target in view!
No target in view!
No target in view!
No target in view!
No target in view!
No target in view!
No target in view!
There is an open door here.
Things that are here:
a +0 club; a quokka corpse You open the door.
There is an open door here.
There is an open door here.
Things that are here:
a +0 flail; a gnoll skeleton You open the door.
A quokka comes into view.
A quokka is nearby!
A quokka is nearby!
Found 11 gold pieces.
There is an open door here.
The quokka bites you but does no damage.
You barely miss the quokka. The quokka misses you.
You hit the quokka but do no damage. The quokka bites you.
You hit the quokka.
You kill the quokka!
No target in view!
No target in view!
No target in view!
No target in view!
No target in view!
You now have 183 gold pieces (gained 11).
You open the door.
There is an open door here.
Done exploring.
Done exploring.
Done exploring.
(D) Dungeon
Where to? (Enter - D:2 @ (x,y), ? - help)
There is an open door here.
There is an open door here.
You see here a +0 whip.
There is a stone staircase leading down here.
You climb downwards.
The ogre shouts!
The orc shouts!
You hear a shout! x3
Found 5 stones.
Found a stone staircase leading up.
There is a stone staircase leading up here.
There are monsters nearby!
The orc throws a boomerang.
The boomerang barely misses you.
You climb upwards.
There is a stone staircase leading down here.
There is an open door here.
There is a stone staircase leading down here.
You climb downwards.
The orc wizard shouts!
The orc shouts! x2; You hear a shout!
Found a scale mail and a ring mail.
There is a stone staircase leading up here.
The orc shouts!
An orc comes into view. It is wielding a +0 whip.
The orc shouts!
You hit the orc.
The orc is lightly wounded.
You hit the orc but do no damage.
The orc is lightly wounded.
The orc hits you with a +0 falchion.
An orc comes into view. It is wielding a +0 dagger.
You hit the orc.
The orc is heavily wounded.
The orc completely misses you. The orc hits you with a +0 falchion.
The orc hits you but does no damage. The orc closely misses you.
You climb upwards.
There is a stone staircase leading down here.
You closely miss the orc.
The orc is heavily wounded.
The orc hits you with a +0 club. The orc misses you.
You closely miss the orc.
The orc is heavily wounded.
The orc barely misses you. The orc misses you.
You hit the orc.
You kill the orc!
You feel better. The orc barely misses you.
You hit the orc but do no damage. The orc hits you with a +0 club.
You hit the orc but do no damage. The orc barely misses you.
You hit the orc.
The orc is moderately wounded.
The orc barely misses you.
You hit the orc.
The orc is heavily wounded.
The orc closely misses you.
You hit the orc but do no damage.
The orc is heavily wounded.
The orc hits you with a +0 club.
You are too injured to fight recklessly!
You are too injured to fight recklessly!
You are too injured to fight recklessly!
You are too injured to fight recklessly!
You are too injured to fight recklessly!
You are too injured to fight recklessly!
You hit the orc.
You kill the orc!
Things that are here:
a +0 club; a +0 ring mail
Things that are here:
a +0 club; a +0 ring mail
There is a stone staircase leading down here.
Things that are here:
a +0 falchion; a +0 ring mail; an orc corpse You start resting.
A phantom is nearby!
There is a stone staircase leading down here.
Things that are here:
a +0 club; a +0 ring mail
A - a +0 ring mail You start removing your armour.
You continue taking off your +0 robe. x4
You finish taking off your +0 robe.
You start putting on your armour.
You continue putting on your +0 ring mail. x5
You finish putting on your +0 ring mail.
You drop a +0 robe.
You feel clever.
i - a +6 ring of intelligence (left claw)
You start resting.
HP restored.
Things that are here:
a +0 robe; a +0 club
There is a stone staircase leading down here.
Unknown command.
Okay, then.
You climb downwards.
The orc hits you with a +1 dagger of draining.
The orc hits you but does no damage. The worm bites you but does no damage.
There is a stone staircase leading up here.
You block the orc's attack.
You climb upwards.
There is a stone staircase leading down here.
You hit the orc.
You kill the orc!
You feel better. The worm bites you but does no damage.
You block the orc's attack. The orc attacks as you move away!
The orc barely misses you.
Items here: )) [ †.
b - a +1 dagger of draining The orc barely misses you.
You sense an unholy aura.
b - a +1 dagger of draining (weapon)
You closely miss the orc. The orc closely misses you.
You hit the orc.
The orc is lightly wounded.
The orc hits you with a +0 whip.
You hit the orc. You drain the orc.
You kill the orc!
You feel better.
You barely miss the worm. The worm barely misses you.
You hit the worm. You drain the worm.
The worm is moderately wounded.
You hit the worm.
The worm is heavily wounded.
The worm bites you but does no damage.
You barely miss the worm.
The worm is moderately wounded.
You hit the worm. You drain the worm.
The worm is severely wounded.
The worm bites you.
You barely miss the worm.
The worm is heavily wounded.
The worm bites you.
You hit the worm but do no damage.
The worm is heavily wounded.
You hit the worm but do no damage. You drain the worm.
The worm is severely wounded.
The worm bites you but does no damage.
You hit the worm.
The worm is almost dead.
You hit the worm. You drain the worm.
You kill the worm!
You feel better.
No target in view!
No target in view!
No target in view!
No target in view!
No target in view!
No target in view!
No target in view!
No target in view!
No target in view!
No target in view!
No target in view!
You start resting.
HP restored.
Things that are here:
a +0 robe; a +0 club; an orc corpse
There is a stone staircase leading down here.
Things that are here:
a +0 whip; a +0 leather armour; an orc corpse You climb downwards.
The orc hits you but does no damage.
There is a stone staircase leading up here.
You hit the orc.
The orc is heavily wounded.
The orc hits you with a +0 dagger.
You closely miss the orc.
The orc is heavily wounded.
The orc wizard points at you and mumbles some strange words.
You resist with some effort. The orc hits you with a +0 dagger.
You hit the orc.
The orc is almost dead.
The orc hits you but does no damage.
You hit the orc.
You kill the orc!
You hit the orc wizard but do no damage.
You drain the orc wizard.
The orc wizard is moderately wounded.
The orc wizard hits you with a +0 dagger.
You hit the orc wizard.
The orc wizard is moderately wounded.
The orc wizard barely misses you.
You hit the orc wizard but do no damage.
The orc wizard is moderately wounded.
You block the orc wizard's attack.
You barely miss the orc wizard.
The orc wizard is moderately wounded.
The orc wizard casts a spell.
The orc wizard flickers and vanishes!
Deactivating autopickup; reactivate with Ctrl-A.
No target in view!
No target in view!
No target in view!
No target in view!
You barely miss something. Something hits you.
You miss something. Something hits you but does no damage.
You miss something.
You hear some strange, mumbled words.
A magic dart appears from out of thin air!
The magic dart hits you.
* * * LOW HITPOINT WARNING * * *
You miss something. Something hits you but does no damage.
You miss something. Something hits you.
* * * LOW HITPOINT WARNING * * *
You hit something.
You hear some strange, mumbled words.
Something tries to affect you, but you resist.
You hit something.
You hear some strange, mumbled words.
A puff of flame appears from out of thin air!
The puff of flame hits you.
* * * LOW HITPOINT WARNING * * *
You barely miss something.
You hear some strange, mumbled words.
A puff of flame appears from out of thin air!
The puff of flame hits you.
* * * LOW HITPOINT WARNING * * *
You closely miss something.
You hear some strange, mumbled words.
A puff of flame appears from out of thin air!
The puff of flame misses you.
You barely miss something. You block something's attack. Something hits you.
* * * LOW HITPOINT WARNING * * *
You climb upwards.
Reactivating autopickup.
There is a stone staircase leading down here.
Things that are here:
a +0 leather armour; a +0 whip; an orc corpse Deactivating autopickup; reactivate with Ctrl-A.
You miss something. Something hits you.
* * * LOW HITPOINT WARNING * * *
You barely miss something. Something hits you but does no damage.
It was a potion of mutation.
You feel extremely strange.
Your body decomposes!
You feel dopey.
Your body decomposes!
You feel dopey.
Your body decomposes!
You feel dopey. Something hits you.
* * * LOW HITPOINT WARNING * * *
Okay, then.
Aiming: Charm
Press: ? - help, Shift-Dir - straight line, f - phantom
Aim: a phantom (chance to affect: 31%)
The phantom is charmed.
Something hits you but does no damage.
A magic dart appears from out of thin air!
The magic dart hits you!
You die...

#.#....#.### #.#.....# #..>
#.#.##...W.# #(#.....# #...
###.####'#.## #.#.....########...
....#.......###.#.....#......'...
#####(..........#.....#.######...
#...(..###........#.# #....
#......# ##..######.#####.#+#
#......# #.W######.##....#..
#......# #.@>{.....##.######
####'### #.##########.# #.# #.#
#.# #.######.# #.# #........#
#.###### ########## #(......
########


You could see a friendly phantom (charmed).

Vanquished Creatures
  A gnoll (D:3)
  2 adders
  6 worms
  2 dart slugs (D:3)
  5 orcs
  2 ball pythons (D:3)
  3 endoplasms
  2 giant cockroaches
  5 goblins
  5 hobgoblins
  4 quokkas
  6 bats
  6 frilled lizards
  7 kobolds
  4 rats
60 creatures vanquished.

Notes
Turn   | Place    | Note
-------+----------+-------------------------------------------
     0 | D:1      | sleeves the Ghoul Brigand began the quest for the Orb.
     0 | D:1      | Reached XP level 1. HP: 17/17 MP: 0/0
   104 | D:1      | HP: 7/17 [kobold/+0 short sword (3)]
   297 | D:1      | Found Ceniphuunn's Magic Scroll Shop.
   306 | D:1      | Reached skill level 1 in Unarmed Combat
   322 | D:1      | Reached XP level 2. HP: 15/24 MP: 1/1
   482 | D:1      | Found a faded altar of an unknown god.
   987 | D:2      | HP: 9/24 [worm (5)]
  1202 | D:2      | Reached skill level 5 in Stealth
  1429 | D:2      | Found Neula's Book Emporium.
  1454 | D:2      | Reached skill level 2 in Unarmed Combat
  1454 | D:2      | Reached XP level 3. HP: 29/29 MP: 2/2
  2115 | D:3      | Reached XP level 4. HP: 36/36 MP: 3/3
  2375 | D:3      | Noticed a phantom
  2670 | D:3      | Reached skill level 3 in Unarmed Combat
  3020 | D:4      | Noticed an ogre
  3259 | D:4      | HP: 18/36 [something/magic dart (5)]
  3264 | D:4      | HP: 10/36 [something/puff of flame (3)]
  3269 | D:3      | HP: 6/36 [something (2)]
  3273 | D:3      | Killed from afar by an orc wizard

Illustrated notes

Levels and vault maps discovered:
D:1:      grunt_arrival_lava_bath, layout_basic, serial_shops,
          nicolae_square_shop, shapermc_ecumenical_altar_gd
D:2:      layout_loops_ring, serial_shops, nicolae_shop_window_shopping,
          minmay_hedge_maze, minmay_stone_trees_small
D:3:      minmay_chambers_of_twos, layout_basic
D:4:      minmay_octagon_keep, layout_cave_pools, kennysheep_mini,
          item_on_display_b

Skill      XL: |  1  2  3  4 |
---------------+-------------+-----
Unarmed Combat | 1 2 3 |  3.8
Stealth        | 5 |  5.4
Fighting       | |  2.1
Short Blades   | |  1.7
Throwing       | |  1.7
Dodging        | |  0.8

Action                   |  1- 3 |  4- 6 || total
-------------------------+-------+-------++-------
Melee: Dagger            |   131 |   110 ||   241
       Unarmed           |    15 |       ||    15
Throw: Dart              |     2 |     2 ||     4
Evoke: Wand              |       |     1 ||     1
  Use: Potion            |       |     1 ||     1
 Stab: Sleeping          |    10 |     9 ||    19
Armor: Robe              |    33 |    10 ||    43
       Ring mail         |       |    11 ||    11
Dodge: Dodged            |    77 |    31 ||   108
Block: Buckler           |       |    10 ||    10
